 Dungeon Crawl Stone Soup version 0.18-a0-1243-g9e52518 (webtiles) character file.

1103 abixa the Prestidigitator (level 8, -3/56 HPs)
             Began as a Human Gladiator on Feb 5, 2016.
             Killed from afar by an orc wizard (11 damage)
             ... with a puff of flame
             ... on level 5 of the Dungeon.
             The game lasted 00:18:11 (6607 turns).

abixa the Prestidigitator (Human Gladiator)         Turns: 6607, Time: 00:18:11

Health: -3/56      AC: 11    Str: 15    XL:     8   Next: 58%
Magic:  14/14      EV: 10    Int: 10    God:
Gold:   248        SH:  0    Dex: 15    Spells: 0 memorised, 7 levels left

rFire  . . .     SeeInvis .     a - +0 long sword
rCold  + . .     Gourm    .     S - +0 scale mail
rNeg   . . .     Faith    .     (no shield)
rPois  .         Spirit   .     c - +0 helmet
rElec  .         Dismiss  .     w - +2 cloak
rCorr  .         Reflect  .     G - +0 pair of gloves "Righyala" {Slay+3}
SustAt .         Harm     +     (no boots)
MR     .....                    D - amulet of harm
Stlth  ..........               (no ring)
                                m - ring of protection from cold

@: not resistant to hostile enchantments, extremely unstealthy
A: no striking features
a: no special abilities


You were on level 5 of the Dungeon.
You were not hungry.

You visited 1 branch of the dungeon, and saw 5 of its levels.

You collected 248 gold pieces.

Inventory:

Hand Weapons
 a - a +0 long sword (weapon)
 u - a +0 greatsling
 x - a +0 trident
Missiles
 d - 3 throwing nets
 e - 12 javelins (quivered)
 l - 68 stones
 C - 3 tomahawks
 F - 18 sling bullets
Armour
 c - a +0 helmet (worn)
 q - a +2 robe of fire resistance
 w - a +2 cloak (worn)
 G - the +0 pair of gloves "Righyala" (worn) {Slay+3}
   (You found it on level 4 of the Dungeon)

   It affects your accuracy and damage with ranged weapons and melee attacks
   (+3).
 S - a +0 scale mail (worn)
Jewellery
 i - an uncursed amulet of the gourmand
 m - a ring of protection from cold (left hand)
 D - an amulet of harm (around neck)
Wands
 B - a wand of flame (14/48)
 R - a wand of slowing (8/48)
Scrolls
 g - 5 scrolls of identify {unknown}
 h - a scroll of noise {unknown}
 j - a scroll of magic mapping {unknown}
 p - a scroll of random uselessness {unknown}
 y - a scroll of recharging {unknown}
 A - 2 scrolls of enchant armour {unknown}
 E - 3 scrolls of remove curse {unknown}
 H - 3 scrolls of enchant weapon {unknown}
 I - 2 scrolls of immolation {unknown}
 M - a scroll of teleportation {unknown}
 O - a scroll of fear {unknown}
Potions
 o - a potion of curing {unknown}
 s - 2 potions of poison {unknown}
 z - a potion of agility {unknown}
 K - a potion of might {unknown}
 L - 2 potions of flight {unknown}
 N - a potion of mutation {unknown}
 P - a potion of cure mutation {unknown}
 Q - a potion of brilliance {unknown}
Comestibles
 b - a beef jerky
 f - 5 bread rations
 k - a chunk of flesh
 n - a meat ration
 t - 2 royal jellies
 v - 2 slices of pizza


   Skills:
 - Level 2.0 Fighting
 + Level 5.3 Long Blades
 - Level 2.0 Throwing
 - Level 3.0 Dodging
 - Level 8.4 Evocations


You had 7 spell levels left.
You didn't know any spells.

Dungeon Overview and Level Annotations

Branches:
Dungeon (5/15)
 Temple: D:4-7

Altars:
Ashenzari
Elyvilon
Pakellas
Ru
Sif Muna
Yredelemnul

Annotations:
D:5 Voda's ghost, novice OpGl


Message History

You slash the orc wizard!
The orc wizard is severely wounded.
The orc wizard closely misses you.
The orc priest invokes the aid of Beogh against you.
Something smites you!
You are too injured to fight recklessly!
You closely miss the orc wizard.
The orc wizard is severely wounded.
The orc wizard casts a cantrip, but nothing happens.
You completely miss the orc wizard.
The orc wizard is severely wounded.
The orc wizard hits you but does no damage.
The orc priest calls down the wrath of Beogh upon you.
Something smites you!
* * * LOW HITPOINT WARNING * * *
You hit the orc wizard but do no damage.
The orc wizard is severely wounded.
The orc wizard casts a spell at you. The puff of flame hits you!
You die...

..## #. .... #.#.# #........# #.
#.#.# ##.._.....# #.##.#.#
#.........# # ......#
#o........##.# #.....#
##o#.........#.#
#######...#.###@# #..........#
##.........#....## ##.......#
†......#...#.###.###(..(.§<.#####
####...#.....# #..#.#............
####.......#.# #.#..#.......#.##.
#........#.#.# #.....(......# #
#.##.....#.#.# ###...#####.##
......>......# #..)# #.#
...####..##### #...# #.#


You could see an orc priest and an orc wizard.

Vanquished Creatures
  Sigmund (D:5)
  A phantom (D:4)
  An ogre (D:4)
  A centaur (D:5)
  Blork the orc (D:4)
  A crimson imp (D:4)
  An orc priest (D:4)
  A centaur skeleton (D:4)
  A hound (D:5)
  Natasha (thrice) (D:4)
  3 orc wizards
  5 worker ants
  2 hound skeletons (D:4)
  8 adders
  A shadow imp (D:5)
  2 oozes
  An adder skeleton (D:4)
  4 worms
  5 giant geckos
  16 orcs
  5 giant cockroaches
  5 goblins
  12 hobgoblins
  6 jackals
  2 quokkas (D:3)
  7 bats
  6 giant newts
  6 kobolds
  A quokka skeleton (D:4)
  7 rats
116 creatures vanquished.

Notes
Turn   | Place    | Note
--------------------------------------------------------------
     0 | D:1      | abixa the Human Gladiator began the quest for the Orb.
     0 | D:1      | Reached XP level 1. HP: 16/16 MP: 1/1
   239 | D:1      | Reached XP level 2. HP: 17/22 MP: 2/2
   473 | D:1      | Reached skill level 4 in Long Blades
   473 | D:1      | Reached XP level 3. HP: 18/27 MP: 3/3
   940 | D:2      | Reached XP level 4. HP: 33/33 MP: 4/4
  1495 | D:3      | Reached skill level 5 in Long Blades
  1783 | D:3      | Reached XP level 5. HP: 38/38 MP: 5/5
  2072 | D:3      | Reached skill level 1 in Evocations
  2359 | D:3      | Found a basalt altar of Yredelemnul.
  2366 | D:3      | Found an oddly glowing altar of Pakellas.
  2378 | D:3      | Found a shattered altar of Ashenzari.
  2385 | D:3      | Found a deep blue altar of Sif Muna.
  2385 | D:3      | Found a sacrificial altar of Ru.
  2710 | D:4      | Noticed Blork the orc
  2741 | D:4      | Noticed Natasha
  2750 | D:4      | Killed Natasha
  2750 | D:4      | Reached XP level 6. HP: 30/44 MP: 8/8
  2863 | D:4      | Noticed Natasha
  2871 | D:4      | Killed Natasha
  3132 | D:4      | Got a pair of ichor-stained gloves
  3138 | D:4      | Identified the +0 pair of gloves "Righyala" {Slay+3} (You found it on level 4 of the Dungeon)
  3278 | D:4      | Noticed Natasha
  3291 | D:4      | Killed Natasha
  3311 | D:4      | Reached XP level 7. HP: 46/50 MP: 10/10
  3535 | D:4      | Killed Blork the orc
  3535 | D:4      | Reached skill level 5 in Evocations
  3870 | D:5      | Entered Level 5 of the Dungeon
  3891 | D:5      | Found a basalt altar of Yredelemnul.
  4000 | D:5      | Noticed Voda's ghost (novice OpGl)
  4096 | D:4      | Reached skill level 6 in Evocations
  4608 | D:5      | Noticed Sigmund
  4626 | D:5      | Found a white marble altar of Elyvilon.
  4927 | D:4      | Reached XP level 8. HP: 25/56 MP: 11/13
  5190 | D:4      | HP: 1/56 [ogre/giant club (13)]
  5546 | D:4      | Reached skill level 7 in Evocations
  6221 | D:5      | Killed Sigmund
  6221 | D:5      | Reached skill level 8 in Evocations
  6607 | D:5      | Killed from afar by an orc wizard

Vault maps used:
D:1:      lightli_molten_gateway
D:3:      minmay_overflow_temple_star_hex, first_bread
D:4:      serial_forest, infiniplex_forest_3_way, infiniplex_forest_lined_ring,
          infiniplex_forest_corner_1, infiniplex_forest_end_2,
          infiniplex_forest_straight_4, infiniplex_forest_clump_small,
          infiniplex_forest_clump_curved, infiniplex_forest_lined_room_2,
          infiniplex_forest_lined_2, st_stairs_4, uniq_natasha,
          uniq_blork_the_orc
D:5:      basic_altar, elyvilon_altar_3, uniq_sigmund, uniq_pikel

Action                   |  1- 3 |  4- 6 |  7- 9 || total
-------------------------+-------+-------+-------++-------
Melee: Long sword        |    94 |   231 |   165 ||   490
Throw: Javelin           |       |       |     6 ||     6
       Throwing net      |       |       |     1 ||     1
Evoke: Wand              |       |       |     9 ||     9
  Eat: Chunk             |    13 |     4 |     6 ||    23
